Map: Catalyst LE

Players

Solar - Winner!

  • Race: Zerg Zerg
  • Spawn Location: 5:00

ArT

  • Race: Protoss Protoss
  • Spawn Location: 11:00

Event: IEM Season 12 - Katowice

VOD

Have the link to the VOD?

Description

Time

  • Played on: Feb. 25, 2018, 11:54 p.m.
  • Length: 8:27

All games in this series

Show
View Real Time Build Order
Export as new Build Order

Solar Zerg - Winner!

Build Orders: Hatch First 

Get SALT Encoding   

  12  0:01  Drone  
  13  0:12  Overlord  
  13  0:16  Drone  
  14  0:31  Drone x2  
  16  0:48  Hatchery  
  15  0:51  Drone  
  15  0:55  Drone  
  17  0:59  Drone  
  18  1:04  Extractor  
  17  1:14  Spawning Pool  
  17  1:17  Drone  
  17  1:20  Drone  
  18  1:28  Drone  
  19  1:38  Drone  
  20  1:49  Hatchery  
  20  1:52  Drone  
  20  2:02  Queen  
  20  2:08  Metabolic Boost  
  22  2:13  Drone  
  23  2:15  Drone  
  23  2:18  Drone  
  25  2:24  Overlord  
  25  2:31  Queen  
  25  2:35  Drone  
  28  2:42  Zergling x4  
  28  2:43  Drone  
  31  2:45  Drone  
  31  2:46  Drone  
  33  2:54  Drone x2  
  35  3:00  Queen  
  35  3:01  Drone  
  35  3:04  Overlord  
  38  3:06  Drone  
  38  3:11  Drone x2  
  41  3:13  Drone  
  41  3:18  Overlord  
  42  3:23  Drone  
  42  3:25  Drone x2  
  45  3:27  Drone  
  45  3:28  Overlord  
  45  3:31  Spore Crawler  
  45  3:35  Spore Crawler  
  45  3:36  Evolution Chamber  
  43  3:42  Drone  
  43  3:43  Spore Crawler  
  43  3:44  Drone x2  
  43  3:47  Queen  
  47  3:52  Overlord  
  47  3:53  Drone  
  47  3:54  Drone  
  49  3:56  Drone  
  49  3:58  Drone  
  49  3:59  Drone  
  49  4:00  Drone  
  53  4:04  Zerg Melee Weapons Level 1  
  53  4:05  Drone  
  53  4:07  Drone  
  53  4:09  Drone  
  55  4:12  Baneling Nest  
  55  4:14  Drone  
  55  4:15  Extractor  
  55  4:16  Drone  
  54  4:19  Drone x3  
  54  4:22  Drone  
  58  4:25  Queen  
  58  4:29  Overlord  
  60  4:33  Drone x3  
  60  4:34  Drone  
  60  4:38  Overlord  
  64  4:40  Overlord  
  64  4:42  Drone  
  65  4:46  Overlord  
  65  4:54  Drone x4  
  65  4:59  Lair  
  67  5:04  Zergling x10  
  67  5:05  Zergling x8  
  76  5:09  Extractor  
  76  5:10  Zergling x2  
  76  5:11  Zergling x2  
  77  5:19  Drone, Queen  
  77  5:20  Drone  
  81  5:21  Drone  
  81  5:24  Overlord  
  82  5:29  Drone  
  82  5:31  Queen  
  82  5:34  Drone x4  
  89  5:37  Extractor, Zergling x12  
  94  5:47  Overlord  
  94  6:01  Hatchery, Hydralisk Den  
  94  6:02  Zergling x18  
  94  6:03  Overlord  
  101  6:05  Zergling x10  
  106  6:14  Baneling x5  
  106  6:15  Zergling x4  
  106  6:16  Overlord, Baneling x3  
  106  6:17  Overlord  
  107  6:19  Overseer  
  107  6:23  Overlord, Extractor  
  105  6:37  Drone x3  
  105  6:38  Drone x2  
  107  6:40  Hydralisk x6  
  107  6:45  Zergling x2, Grooved Spines  
  107  6:46  Zergling x4  
  121  6:50  Drone  
  122  6:57  Centrifical Hooks  
  122  7:00  Drone x2  
  124  7:04  Drone x2  
  124  7:06  Drone  
  124  7:07  Drone x2  
  125  7:08  Drone  
  125  7:09  Drone  
  125  7:12  Hydralisk  
  124  7:19  Zergling x2  
  124  7:20  Zergling x8, Hydralisk  
  124  7:21  Hydralisk  
  126  7:23  Zergling x4  
  126  7:28  Drone x2  
  126  7:35  Hydralisk x3  
  132  7:38  Baneling x5  
  132  7:39  Baneling  
  132  7:40  Zergling x2  
  132  7:41  Overlord  
  132  7:44  Zergling x2  
  134  7:46  Zergling x2  
  134  7:47  Hatchery  
  130  7:52  Zergling x2, Hydralisk  
  130  7:53  Hydralisk  
  130  7:54  Zergling x2  
  130  7:55  Zergling x4  
  131  8:08  Zergling x10  
Show
View Real Time Build Order
Export as new Build Order

ArT Protoss 

Build Orders: 1 Gate Expand, Oracle Opening, Phoenix Opening, Zealot Archon 

Get SALT Encoding   

  12  0:00  Probe  
  13  0:13  Probe  
  14  0:20  Pylon  
  14  0:25  Probe  
  15  0:38  Probe (Chrono Boost)  
  15  0:39  Gateway  
  16  0:45  Assimilator  
  16  0:47  Probe (Chrono Boost)  
  17  0:53  Probe (Chrono Boost)  
  18  1:05  Probe (Chrono Boost)  
  19  1:12  Probe (Chrono Boost)  
  20  1:26  Nexus  
  20  1:37  Cybernetics Core  
  20  1:40  Probe  
  20  1:45  Assimilator  
  21  1:52  Probe  
  22  1:55  Pylon  
  22  2:04  Probe  
  23  2:13  Adept (Chrono Boost)  
  25  2:17  Probe  
  25  2:21  Stargate  
  26  2:25  Warp Gate  
  26  2:29  Probe  
  27  2:32  Adept  
  29  2:38  Probe  
  29  2:41  Probe  
  31  2:50  Probe  
  32  2:53  Probe  
  33  3:02  Probe, Pylon  
  33  3:03  Phoenix (Chrono Boost)  
  37  3:05  Probe  
  37  3:14  Probe  
  37  3:17  Probe  
  37  3:19  Oracle (Chrono Boost), Gateway  
  39  3:26  Probe  
  43  3:29  Probe  
  44  3:35  Assimilator  
  44  3:37  Assimilator  
  44  3:39  Probe  
  45  3:42  Probe  
  45  3:46  Oracle (Chrono Boost)  
  46  3:51  Probe  
  46  3:53  Pylon  
  50  3:56  Probe  
  51  4:03  Probe  
  51  4:06  Twilight Council  
  51  4:08  Probe  
  53  4:15  Probe  
  54  4:20  Probe  
  54  4:22  Robotics Facility  
  55  4:27  Probe, Pylon  
  55  4:30  Zealot x2  
  60  4:32  Probe  
  61  4:39  Probe  
  61  4:40  Gateway  
  61  4:42  Gateway  
  62  4:46  Dark Shrine  
  62  4:54  Probe x2  
  62  4:57  Charge (Chrono Boost)  
  64  5:01  Pylon  
  64  5:06  Probe  
  65  5:13  Nexus  
  65  5:15  Warp Prism (Chrono Boost)  
  67  5:21  Pylon  
  67  5:27  Probe  
  67  5:28  Probe  
  69  5:40  Zealot x2  
  73  5:43  Probe  
  73  5:44  Shield Battery  
  74  5:54  Probe  
  74  5:55  Probe  
  76  5:57  Observer  
  76  5:58  Pylon  
  77  6:12  Dark Templar  
  77  6:13  Dark Templar x3  
  77  6:15  Probe  
  77  6:16  Pylon  
  86  6:19  Observer  
  86  6:23  Forge  
  86  6:24  Probe  
  88  6:25  Assimilator  
  88  6:27  Pylon  
  88  6:29  Probe (Chrono Boost)  
  88  6:31  Assimilator  
  75  6:40  Probe (Chrono Boost)  
  75  6:41  Immortal (Chrono Boost)  
  75  6:43  Probe (Chrono Boost)  
  75  6:45  Templar Archives  
  78  6:47  Sentry x3  
  78  6:49  Probe x2 (Chrono Boost)  
  78  6:52  Probe (Chrono Boost)  
  86  6:57  Probe, Gateway  
  86  7:01  Zealot  
  89  7:03  Shield Battery  
  81  7:12  Gateway  
  81  7:14  Zealot x3  
  76  7:24  Probe x2  
  76  7:26  Zealot  
  77  7:30  Immortal  
  77  7:32  Probe  
  77  7:37  High Templar x2  
  82  7:38  Sentry  
  82  7:44  Probe x2, Archon  
  88  7:47  Zealot  
  88  7:50  Gateway  
  86  7:54  Zealot  
  76  8:01  Zealot  
  73  8:06  Gateway  
  73  8:08  Gateway  
  73  8:12  Zealot x3  
  69  8:16  High Templar  
  69  8:17  High Templar x2  
  65  8:22  Archon  

Tags
 
Add a new tag
Caveats
  • Supply blocks, unpowered buildings, or Contaminate may cause inaccurate times.
  • Supply counts are checked every 10 seconds.